 Dungeon Crawl Stone Soup version 0.17.0-28-g6e173f8 (console) character file.

3908 Kloppie the Fighter (level 10, 0/91 HPs)
             Began as a Centaur Fighter on Dec 2, 2015.
             Was a Follower of the Shining One.
             Slain by a killer bee (4 damage)
             ... on level 9 of the Dungeon.
             The game lasted 00:18:44 (11778 turns).

Kloppie the Fighter (Centaur Fighter)              Turns: 11778, Time: 00:18:44

Health: 0/91       AC: 17    Str: 18    XL:     10   Next: 1%
Magic:  10/10      EV:  3    Int:  7    God:    the Shining One [*.....]
Gold:   547        SH:  0    Dex: 13    Spells: 0 memorised, 9 levels left

rFire  . . .     SeeInvis .     a - +0 long sword
rCold  . . .     Clarity  .     E - +0 plate armour (curse)
rNeg   + + .     SustAt   .     (no shield)
rPois  .         Gourm    .     y - +2 helmet
rElec  .         Spirit   .     p - +0 cloak
rCorr  .         Warding  .     G - +2 pair of gloves
rMut   .         Stasis   .     (no barding)
MR     .....                    (no amulet)
Stlth  ..........               k - ring of positive energy
                                j - ring of positive energy

@: glowing, very quick, not resistant to hostile enchantments, extremely
unstealthy
A: hooves 3, deformed body, speed 2, tough skin 3
a: Renounce Religion


You were on level 9 of the Dungeon.
You worshipped the Shining One.
The Shining One was aware of your devotion.
You were not hungry.

You visited 2 branches of the dungeon, and saw 10 of its levels.

You collected 547 gold pieces.

Inventory:

Hand Weapons
 a - a +0 long sword (weapon)
 b - a +0 shortbow
Missiles
 H - 43 arrows
Armour
 c - a +0 shield
 p - a +0 cloak (worn)
 y - a +2 helmet (worn)
 B - a +0 chain mail
 D - a +0 scale mail
 E - a cursed +0 plate armour (worn)
 F - the +0 pair of gloves of the Blind Marksman {*Confuse rElec Dex+2 SInv}
   (You found it on level 7 of the Dungeon)

   It affects your dexterity (+2).
   It insulates you from electricity.
   It lets you see invisible.
   It may confuse you when you take damage.
 G - a +2 pair of gloves (worn)
Jewellery
 j - a ring of positive energy (left hand)
 k - a ring of positive energy (right hand)
Wands
 A - a wand of slowing (37)
Scrolls
 f - a scroll of fear
 h - 2 scrolls of magic mapping
 l - 2 scrolls of recharging
 m - 4 scrolls of remove curse
 q - a scroll of identify
 t - 2 scrolls of amnesia
 w - 3 scrolls of enchant armour
 L - a scroll of silence {unknown}
Potions
 d - a potion of might
 n - 2 potions of berserk rage {unknown}
 o - 2 potions of brilliance
 r - 2 potions of resistance
 s - a potion of agility
 u - a potion of haste
 v - 4 potions of curing
 z - 2 potions of heal wounds
 C - a potion of flight {unknown}
Books
 x - a book of Cantrips

   Spells                             Type                      Level
   a - Corona                         Hexes                        1
   b - Animate Skeleton               Necromancy                   1
   c - Summon Small Mammal            Summoning                    1
   d - Apportation                    Translocation                1
Comestibles
 e - 8 bread rations
 g - 13 fruits
 i - 2 royal jellies
 I - 2 slices of pizza
 J - 5 chunks of flesh
 K - a meat ration


   Skills:
 - Level 9.5 Fighting
 + Level 9.5 Long Blades
 + Level 4.3 Armour
 - Level 2.1 Shields


You had 9 spell levels left.
You didn't know any spells.

Dungeon Overview and Level Annotations

Branches:
Dungeon (9/15)             Temple (0/1) D:5            Lair (1/8) D:8
    Orc: D:9-12

Altars:
Ashenzari
Cheibriados
Gozag
Kikubaaqudgha
Makhleb
Nemelex Xobeh
Okawaru
The Shining One

Shops:
D:4 *


Innate Abilities, Weirdness & Mutations

You have hooves in place of feet.
Armour fits poorly on your strangely shaped body.
You cover ground very quickly.
You have extremely tough skin (AC +3).


Message History

The killer bee is heavily wounded.
The killer bee stings you.
* * * LOW HITPOINT WARNING * * *
The killer bee stings you but does no damage.
You closely miss the killer bee. Your kick misses the killer bee.
The killer bee is heavily wounded.
You feel sick.
You are no longer poisoned.
The killer bee stings you.
* * * LOW HITPOINT WARNING * * *
The killer bee stings you but does no damage.
You hit the killer bee. Your kick misses the killer bee.
The killer bee is heavily wounded.
The killer bee stings you.
* * * LOW HITPOINT WARNING * * *
The killer bee stings you but does no damage.
You closely miss the killer bee. Your kick misses the killer bee.
The killer bee is heavily wounded.
The killer bee stings you.
You die...

....# #...# #............
....#####...###............
..†....................#
.......................#
....#####..#####.......#
....# #..# #.####..# ....#
#..# #.# ..# ....# #..# #y#
..# ....# #..# #@# .# ....#
#..# #.# .# ....# #..# #)#
#)# #. #)# #..#####)#
#......).####..
#.....<........
g...............


You could see a killer bee.

Vanquished Creatures
  Pikel (D:4)
  A spiny frog (Lair:1)
  A hungry ghost (D:7)
  Menkaure (D:6)
  2 porcupines (Lair:1)
  A water moccasin (D:9)
  An orc warrior (D:6)
  A sky beast (D:7)
  A black bear (Lair:1)
  2 ice beasts
  3 ogres
  3 centaurs
  4 giant frogs
  A big kobold (D:6)
  A gnoll sergeant (D:9)
  2 scorpions
  3 killer bees (D:9)
  A crimson imp (D:8)
  5 hounds
  2 centaur zombies
  5 orc wizards
  A centaur skeleton (D:9)
  A giant frog skeleton (D:8)
  A giant frog zombie (D:3)
  6 iguanas
  2 worker ants
  A killer bee zombie (D:6)
  11 adders
  12 gnolls
  3 oozes
  2 worms (D:2)
  2 adder skeletons
  6 giant geckos
  12 orcs
  9 bats
  10 giant cockroaches
  8 goblins
  7 hobgoblins
  23 jackals
  2 quokkas
  A giant gecko skeleton (D:7)
  6 giant newts
  A jackal skeleton (D:4)
  31 kobolds
  A quokka zombie (D:7)
  4 rats
205 creatures vanquished.

Vanquished Creatures (others)
  An ogre (D:4)
  A hound (D:4)
  2 orcs (D:6)
  4 fungi (Lair:1)
  3 plants
11 creatures vanquished.

Grand Total: 216 creatures vanquished

Notes
Turn   | Place    | Note
--------------------------------------------------------------
     0 | D:1      | Kloppie the Centaur Fighter began the quest for the Orb.
     0 | D:1      | Reached XP level 1. HP: 19/19 MP: 1/1
   232 | D:1      | Reached XP level 2. HP: 21/26 MP: 2/2
   929 | D:1      | Reached XP level 3. HP: 30/33 MP: 3/3
  1465 | D:2      | Reached skill level 4 in Fighting
  1565 | D:2      | Found an ancient bone altar of Kikubaaqudgha.
  1616 | D:2      | Reached XP level 4. HP: 35/40 MP: 4/4
  1949 | D:2      | Found a faded altar to an unknown god.
  2014 | D:2      | Found a burning altar of Makhleb.
  2014 | D:2      | Found a shattered altar of Ashenzari.
  2519 | D:2      | Reached XP level 5. HP: 22/47 MP: 5/5
  3646 | D:4      | Reached skill level 5 in Fighting
  3808 | D:4      | Found a glowing golden altar of the Shining One.
  3828 | D:4      | Became a worshipper of the Shining One
  4053 | D:4      | Found Gozag's Platinum Reserve.
  4054 | D:4      | Found an opulent altar of Gozag.
  4105 | D:4      | Noticed Pikel
  4105 | D:4      | Noticed a slave
  4105 | D:4      | Noticed a slave
  4105 | D:4      | Noticed a slave
  4105 | D:4      | Noticed a slave
  4122 | D:4      | Killed Pikel
  4122 | D:4      | Reached skill level 6 in Fighting
  4122 | D:4      | Reached skill level 5 in Long Blades
  4122 | D:4      | Reached XP level 6. HP: 19/58 MP: 6/6
  4122 | D:4      | Reached XP level 7. HP: 20/64 MP: 7/7
  4311 | D:4      | Killed an ogre
  4430 | D:4      | Found an iron altar of Okawaru.
  4813 | D:4      | Found a snail-covered altar of Cheibriados.
  4966 | D:5      | Entered Level 5 of the Dungeon
  5586 | D:5      | Found a sparkling altar of Nemelex Xobeh.
  5598 | D:5      | Reached skill level 7 in Fighting
  5628 | D:5      | Reached XP level 8. HP: 16/73 MP: 8/8
  5915 | D:5      | Found a staircase to the Ecumenical Temple.
  7152 | D:6      | Noticed Menkaure
  7524 | D:6      | Killed Menkaure
  7524 | D:6      | Reached skill level 8 in Fighting
  7933 | D:6      | Found a burning altar of Makhleb.
  8610 | D:7      | Reached * piety under the Shining One
  9430 | D:6      | Reached XP level 9. HP: 70/82 MP: 9/9
  9513 | D:7      | Reached skill level 9 in Fighting
  9602 | D:7      | Got a pair of fine gloves
  9603 | D:7      | Identified the +0 pair of gloves of the Blind Marksman {*Confuse rElec Dex+2 SInv} (You found it on level 7 of the Dungeon)
  9990 | D:8      | Found a staircase to the Lair.
 10654 | Lair:1   | Entered Level 1 of the Lair of Beasts
 10826 | Lair:1   | Noticed a spiny frog
 10834 | Lair:1   | Killed a spiny frog
 11184 | Lair:1   | Noticed a komodo dragon
 11436 | Lair:1   | Noticed a spiny frog
 11764 | D:9      | Reached XP level 10. HP: 23/91 MP: 10/10
 11777 | D:9      | HP: 4/91 [killer bee (6)]
 11778 | D:9      | Slain by a killer bee

Action                   |  1- 3 |  4- 6 |  7- 9 | 10-12 || total
-------------------------+-------+-------+-------+-------++-------
Melee: Long sword        |   156 |   134 |   614 |    14 ||   918
 Fire: Shortbow          |       |       |    18 |       ||    18
  Use: Scroll            |       |       |    17 |       ||    17
       Potion            |       |       |     1 |       ||     1
  Eat: Chunk             |     2 |     5 |    18 |       ||    25
       Pizza             |       |     1 |       |       ||     1
       Beef jerky        |       |       |     3 |       ||     3
       Fruit             |       |       |     2 |       ||     2
